 Dungeon Crawl Stone Soup version 0.27-a0-1186-g8b4daa1eef (webtiles) character file.

Game seed: 8388562506327922447

98 ZappyNine the Sneak (level 5, -12/30 HPs)
             Began as a Kobold Enchanter on May 19, 2021.
             Mangled by an ogre
             ... wielding a +0 giant club
              (23 damage)
             ... on level 2 of the Dungeon.
             The game lasted 00:04:13 (2604 turns).

ZappyNine the Sneak (Kobold Enchanter)              Turns: 2604, Time: 00:04:14

Health: -12/30     AC:  3    Str:  6    XL:     5   Next: 0%
Magic:  5/8        EV: 15    Int: 16    God:
Gold:   49         SH:  0    Dex: 16    Spells: 5/8 levels left

rFire    . . .     SeeInvis .   a - +1 dagger
rCold    . . .     Faith    .   (shield restricted)
rNeg     . . .     Spirit   .   b - +0 robe
rPois    .         Reflect  .   (no helmet)
rElec    .         Harm     .   f - +0 cloak
rCorr    .         Rampage  .   (no gloves)
Will     .....                  (no boots)
Stlth    ++++......             h - amulet of magic regeneration
HPRegen  0.10/turn              (no ring)
MPRegen  0.36/turn              (no ring)

@: no status effects
A: small, no large weapons, nightstalker 3
a: no special abilities


You were on level 2 of the Dungeon.
You visited 1 branch of the dungeon, and saw 2 of its levels.

You collected 49 gold pieces.

Inventory:

Hand Weapons
 a - a +1 dagger (weapon)
Armour
 b - a +0 robe (worn)
 f - a +0 cloak (worn)
Jewellery
 h - an amulet of magic regeneration (around neck)
Scrolls
 c - 2 scrolls of noise {unknown}
 e - a scroll of identify {unknown}
Potions
 d - a potion of haste {unknown}
 g - a potion of lignification {unknown}


   Skills:
 - Level 2.2 Fighting
 - Level 3.3 Short Blades
 - Level 2.4 Dodging
 - Level 4.8 Stealth
 - Level 2.1 Spellcasting
 - Level 3.0 Hexes
 + Level 1.6 Ice Magic


You had 5 spell levels left.
You knew the following spells:

 Your Spells              Type           Power      Damage    Failure   Level
a - Corona                Hex            12%        N/A       6%          1
b - Ensorcelled Hibernat  Hex/Ice        18%        N/A       12%         2

Your spell library contained the following spells:

 Spells                   Type           Power      Damage    Failure   Level
 Freeze                   Ice            24%        1d5       11%         1
 Confusing Touch          Hex            11%        N/A       19%         3
 Tukima's Dance           Hex            11%        N/A       19%         3
 Magic Dart               Conj           4%         1d3       21%         1
 Searing Ray              Conj           2%         3d3       30%         2
 Dazzling Flash           Conj/Hex       12%        N/A       32%         3
 Frozen Ramparts          Ice            12%        1d3       32%         3
 Ozocubu's Armour         Ice            6%         N/A       32%         3
 Fulminant Prism          Conj/Hex       3%         3d6       73%         4
 Hailstorm                Conj/Ice       4%         3d4       82%         4
 Iskenderun's Mystic Bla  Conj/Tloc      1%         2d3       90%         4
 Metabolic Englaciation   Hex/Ice        4%         N/A       91%         5


Dungeon Overview and Level Annotations

Branches:
Dungeon (2/15)

Altars:

Shops:
D:1 =


Innate Abilities, Weirdness & Mutations

You are small and have problems with some larger weapons.
You are completely attuned to the shadows.


Message History

Confirm with . or Enter, or press ? or * to list all spells.
Aiming: Ensorcelled Hibernation (safe; 12% risk of failure)
Press: ? - help, Shift-Dir - straight line, f/p - ogre
Aim: an ogre, wielding a +0 giant club (chance to affect: 40%)
You miscast Ensorcelled Hibernation.
You are very lightly contaminated with residual magic.
Nothing appears to happen.
The ogre misses you.
Casting: Ensorcelled Hibernation (safe; 12% risk of failure)
Confirm with . or Enter, or press ? or * to list all spells.
Aiming: Ensorcelled Hibernation (safe; 12% risk of failure)
Press: ? - help, Shift-Dir - straight line, f/p - ogre
Aim: an ogre, wielding a +0 giant club (chance to affect: 40%)
The ogre resists with some effort.
The ogre closely misses you.
Casting: Ensorcelled Hibernation (safe; 12% risk of failure)
Confirm with . or Enter, or press ? or * to list all spells.
You don't have enough magic to cast this spell.
Unknown command.
Your magical contamination has completely faded away.
Casting: Ensorcelled Hibernation (safe; 12% risk of failure)
Confirm with . or Enter, or press ? or * to list all spells.
Aiming: Ensorcelled Hibernation (safe; 12% risk of failure)
Press: ? - help, Shift-Dir - straight line, f/p - ogre
Aim: an ogre, wielding a +0 giant club (chance to affect: 40%)
The ogre looks drowsy...
The helpless ogre fails to defend itself.
You impale the ogre!!
The ogre is almost dead.
The ogre completely misses you.
The ogre hits you with a +0 giant club!!
Ouch! That really hurt!
Casting: Ensorcelled Hibernation (safe; 12% risk of failure)
Confirm with . or Enter, or press ? or * to list all spells.
Aiming: Ensorcelled Hibernation (safe; 12% risk of failure)
Press: ? - help, Shift-Dir - straight line, f - you, p - ogre That would be overly suicidal.
Okay, then.
Unknown command.
The ogre hits you with a +0 giant club!!
Ouch! That really hurt!
You die...

......####..........#.# #[..#.
.........#..........#.# #...#.
##.......#..........#.# ...#.
##.......##........(#.######.....
.........##..................##..
.........##..................+...
.........##..................#...
.........##....O.............#...
....#######.....@...#.##.#####...
....## ###########.##.# #...
.....# #.##.#####... .....#
#.##.#....... .....#
#.##.#.###... .....# #.##.#.#
#### .....# ###### #.##.#.######
.....# ##.)..###.##.#.......
.....# ##....†.##†##.#.......


You could see an ogre.

Vanquished Creatures
  An adder (D:2)
  A gnoll (D:1)
  A worm (D:2)
  3 dart slugs
  5 ball pythons
  3 bats
  7 endoplasms
  16 giant cockroaches
  6 goblins
  3 hobgoblins
  3 jackals (D:1)
  A quokka (D:1)
  3 frilled lizards (D:1)
  4 kobolds
  3 rats (D:1)
60 creatures vanquished.

Notes
Turn   | Place    | Note
-------+----------+-------------------------------------------
     0 | D:1      | ZappyNine the Kobold Enchanter began the quest for the Orb.
     0 | D:1      | Reached XP level 1. HP: 10/10 MP: 3/3
    80 | D:1      | Found a faded altar of an unknown god.
   101 | D:1      | Reached skill level 1 in Fighting
   101 | D:1      | Reached XP level 2. HP: 15/16 MP: 5/5
   366 | D:1      | Found Zyplets's Jewellery Boutique.
   370 | D:1      | Reached XP level 3. HP: 21/21 MP: 6/6
  1322 | D:2      | Reached XP level 4. HP: 23/26 MP: 7/7
  1504 | D:2      | Noticed an ogre
  2176 | D:2      | Learned a level 2 spell: Ensorcelled Hibernation
  2304 | D:2      | Reached skill level 1 in Ice Magic
  2434 | D:2      | Reached XP level 5. HP: 30/30 MP: 8/8
  2604 | D:2      | Mangled by an ogre

Illustrated notes

Levels and vault maps discovered:
D:1:      dpeg_arrival_arbitrary_c, layout_rooms,
          hellmonk_ecumenical_altar_dog_temple, serial_shops, shop,
          minmay_surrounded
D:2:      minmay_roachtagon, layout_basic, corexii_leaking_fountain

Skill      XL: |  1  2  3  4 |
---------------+-------------+-----
Short Blades   | 2 3 |  3.3
Fighting       | 1 2 |  2.2
Ice Magic      | 1 |  1.6
Dodging        | |  2.4
Stealth        | |  4.8
Spellcasting   | |  2.1
Hexes          | |  3.0

Action                   |  1- 3 |  4- 6 || total
-------------------------+-------+-------++-------
Melee: Dagger            |    93 |    96 ||   189
 Cast: Ensorcelled Hiber |       |     8 ||     8
 Stab: Sleeping          |    14 |    14 ||    28
       Distracted        |       |     1 ||     1
Armor: Robe              |    13 |    13 ||    26
Dodge: Dodged            |    61 |    58 ||   119

Table legend: (Time is in decaauts)
 A = Elapsed time spent in this place.
 B = Non-inter-level travel time spent in this place.
 C = Inter-level travel time spent in this place.
 D = Time resting spent in this place.
 E = Time spent auto-exploring this place.
 F = Levels seen in this place.
 G = Mean time per level.
                   A        B        C        D        E       F      G
               +--------+--------+--------+--------+--------+-----+--------+
         Total |   2577 |   2563 |     14 |    731 |   1264 |   2 | 1288.5 |
       Dungeon |   2577 |   2563 |     14 |    731 |   1264 |   2 | 1288.5 |
               +--------+--------+--------+--------+--------+-----+--------+

Top non-repeatable levels by time:
     D:1: 1342 daAuts
     D:2: 1235 daAuts
